 Dungeon Crawl Stone Soup version 0.29.1-2-gbd0b4ee654 (webtiles) character file.

Game seed: 15630917227662757822

7 jamestheduck25 the Sneak (level 1, -1/9 HPs)
             Began as a Spriggan Enchanter on Nov 10, 2022.
             Slain by a hobgoblin (3 damage)
             ... on level 2 of the Dungeon.
             The game lasted 00:00:23 (352 turns).

jamestheduck25 the Sneak (Spriggan Enchanter)        Turns: 352, Time: 00:00:24

Health: -1/9       AC:  2    Str:  4    XL:     1   Next: 91%
Magic:  5/5        EV: 17    Int: 16    God:
Gold:   10         SH:  0    Dex: 15    Spells: 5/5 levels left

rFire   . . .      SeeInvis +   a - +1 dagger
rCold   . . .      Faith    .   (no shield)
rNeg    . . .      Spirit   .   b - +0 robe
rPois   .          Reflect  .   (helmet restricted)
rElec   .          Harm     .   (no cloak)
rCorr   .          Rampage  .   (gloves unavailable)
Will    .....                   (boots unavailable)
Stlth   +++.......              (no amulet)
HPRegen 0.03/turn               (no ring)
MPRegen 0.09/turn               (no ring)

@: very quick
A: very small, no large weapons, unfitting armour, see invisible, speed 3
a: no special abilities


You were on level 2 of the Dungeon.
You visited 1 branch of the dungeon, and saw 2 of its levels.

You collected 10 gold pieces.

Inventory:

Hand Weapons
 a - a +1 dagger (weapon)
Armour
 b - a +0 robe (worn)
Scrolls
 e - a scroll of teleportation {unknown}
Potions
 c - 2 potions of invisibility
 d - a potion of attraction {unknown}


   Skills:
 + Level 1.3 Short Blades
 + Level 2.9 Dodging
 + Level 4.6 Stealth
 + Level 2.8 Spellcasting
 + Level 3.7 Hexes


You had 5 spell levels left.
You didn't know any spells.
Your spell library contained the following spells:

 Spells                   Type           Power      Damage    Failure   Level
 Confusing Touch          Hex            14%        N/A       12%         3
 Tukima's Dance           Hex            14%        N/A       12%         3
 Ensorcelled Hibernation  Hex/Ice        16%        N/A       13%         2
 Dazzling Flash           Conj/Hex       16%        N/A       26%         3


Dungeon Overview and Level Annotations

Branches:
Dungeon (2/15)

Altars:


Innate Abilities, Weirdness & Mutations

You are very small and have problems with some larger weapons.
You are too small for most types of armour.
You have supernaturally acute eyesight. (SInv)
You cover ground extremely quickly. (Speed+++)


Message History

The hobgoblin is severely wounded.
The hobgoblin barely misses you. The kobold barely misses you.
There are monsters nearby!
You closely miss the hobgoblin.
The hobgoblin is severely wounded.
The hobgoblin hits you.
The kobold hits you with a +0 short sword.
There are monsters nearby!
You are too injured to fight recklessly!
There are monsters nearby!
You are too injured to fight recklessly!
There are monsters nearby!
You are too injured to fight recklessly!
There are monsters nearby!
You are too injured to fight recklessly!
There are monsters nearby!
You are too injured to fight recklessly!
There are monsters nearby!
You are too injured to fight recklessly!
There are monsters nearby!
You are too injured to fight recklessly!
There are monsters nearby!
You hit the hobgoblin but do no damage.
The hobgoblin is severely wounded.
The hobgoblin closely misses you. The kobold barely misses you.
You hit the hobgoblin but do no damage.
The hobgoblin is severely wounded.
The hobgoblin completely misses you. The kobold hits you but does no damage.
You barely miss the hobgoblin.
The hobgoblin is severely wounded.
The kobold hits you with a +0 short sword.
* * * LOW HITPOINT WARNING * * *
The hobgoblin misses you.
You barely miss the hobgoblin.
The hobgoblin is severely wounded.
The kobold closely misses you. The hobgoblin closely misses you.
You hit the hobgoblin but do no damage.
The hobgoblin is severely wounded.
The hobgoblin hits you.
You die...

### ... ###.# #
#.############...# .#
K..K...........#####.#
..####K######...#...
#@# ###.#.# #g#
##...## #r# #.....##.
..#######.........
#.................
#########.....##.#
.......#.....# #
###.....##.#.# #
.............# .#


You could see a hobgoblin, a kobold and a rat.

Vanquished Creatures
  An endoplasm (D:2)
  2 goblins (D:1)
  A quokka (D:1)
  A frilled lizard (D:1)
  2 rats
7 creatures vanquished.

Notes
Turn   | Place    | Note
-------+----------+-------------------------------------------
     0 | D:1      | jamestheduck25 the Spriggan Enchanter began the quest for
                  | the Orb.
     0 | D:1      | Reached XP level 1. HP: 9/9 MP: 5/5
   300 | D:1      | You fall into a shaft and drop 1 floor!
   352 | D:2      | Slain by a hobgoblin

Illustrated notes

Levels and vault maps discovered:
D:1:      heliophobic_arrival_ceremonial_halls, layout_loops_ring,
          shapermc_ecumenical_altar_ellora, st_stairs_9
D:2:      layout_loops_ring, grunt_ministairs_13

Action                   || total
-------------------------++-------
Melee: Dagger            ||    31
Armor: Robe              ||     2
Dodge: Dodged            ||    24
